 Dungeon Crawl Stone Soup version 0.19.5 (webtiles) character file.

2592 HouseofHex the Covert (level 9, -11/59 HPs)
             Began as an Octopode Conjurer on Apr 3, 2017.
             Was a Follower of Sif Muna.
             Mangled by an orc warrior
             ... wielding a +0 trident
              (19 damage)
             ... on level 6 of the Dungeon.
             The game lasted 00:29:29 (7028 turns).

HouseofHex the Covert (Octopode Conjurer)           Turns: 7028, Time: 00:29:30

Health: -11/59     AC:  5    Str:  8    XL:     9   Next: 58%
Magic:  11/15      EV: 14    Int: 24    God:    Sif Muna [*.....]
Gold:   230        SH:  0    Dex: 12    Spells: 3 memorised, 9 levels left

rFire  . . .     SeeInvis .     p - +2 short sword (drain)
rCold  . . .     Gourm    .     (no shield)
rNeg   . . .     Faith    .     (helmet restricted)
rPois  .         Spirit   .     (no amulet)
rElec  .         Reflect  .     t - +4 ring of intelligence
rCorr  .         Harm     .     (no ring)
MR     .....                    (no ring)
Stlth  +++++.....               (no ring)
                                (no ring)
                                (no ring)
                                (no ring)
                                (no ring)

@: very slightly contaminated, hasted, very quick
A: almost no armour, stealthy swim, amphibious, 8 rings, constrict 8, fangs 1,
icy blue scales 1, molten scales 1, camouflage 1, blink, slow regeneration 1,
gelatinous body 1
a: Blink, Divine Energy, Renounce Religion


You were on level 6 of the Dungeon.
You worshipped Sif Muna.
Sif Muna was aware of your devotion.
You were not hungry.

You visited 1 branch of the dungeon, and saw 6 of its levels.

You collected 230 gold pieces.

Inventory:

Hand Weapons
 p - a +2 short sword of draining (weapon)
 s - a +1 dagger of speed
Missiles
 f - 168 stones (quivered)
Jewellery
 m - an uncursed ring of protection from cold {unknown}
 t - a +4 ring of intelligence (left tentacle)
Wands
 b - a wand of lightning (7/15)
 n - a wand of paralysis (19/24)
 q - a wand of digging (11/24)
Scrolls
 h - 8 scrolls of remove curse
 k - 2 scrolls of magic mapping
 l - a scroll of noise
 o - a scroll of recharging
 y - a scroll of immolation
Potions
 d - a potion of curing
 e - 2 potions of agility
 g - 2 potions of brilliance {unknown}
 i - a potion of might {unknown}
 u - 2 potions of flight
 x - a potion of degeneration {unknown}
Books
 a - a book of Conjurations

   Spells                             Type                      Level
   a - Magic Dart                     Conjuration                  1
   b - Searing Ray                    Conjuration                  2
   c - Dazzling Spray                 Conjuration/Hexes            3
   d - Fulminant Prism                Conjuration/Hexes            4
   e - Iskenderun's Mystic Blast      Conjuration                  4
   f - Iskenderun's Battlesphere      Conjuration/Charms           5
Comestibles
 c - a bread ration
 j - a slice of pizza
 v - 2 meat rations


   Skills:
 * Level 4.4 Fighting
 * Level 7.1 Short Blades
 + Level 4.0 Dodging
 * Level 8.6 Stealth
 * Level 4.2 Spellcasting
 * Level 6.3 Conjurations


You had 9 spell levels left.
You knew the following spells:

 Your Spells              Type           Power        Failure   Level  Hunger
a - Magic Dart            Conj           ####         1%          1    None
b - Searing Ray           Conj           #####.       1%          2    None
c - Iskenderun's Mystic   Conj           #####...     10%         4    ####...


Dungeon Overview and Level Annotations

Branches:
Dungeon (6/15)             Temple (0/1) D:4

Altars:
Elyvilon
Sif Muna
Trog
Vehumet
The Shining One


Innate Abilities, Weirdness & Mutations

You cannot wear most types of armour.
You are very stealthy in the water. (Stealth+)
You are amphibious.
You can wear up to eight rings at the same time.
You can use your tentacles to constrict eight enemies at once.
Your skin changes colour to match your surroundings (Stealth+).
Your rubbery body absorbs attacks. (AC +1, EV +1)
You have very sharp teeth.
You are partially covered in icy blue scales. (AC +2)
You are partially covered in molten scales. (AC +2)
You can translocate small distances at will.
You regenerate slowly when monsters are visible.


Message History

You finish channeling your searing ray.
The orc warrior hits you from afar with a trident.
The orc warrior closely misses you.
The orc warrior hits you with a trident!!
* * * LOW HITPOINT WARNING * * *
The orc wizard shouts!
You are too injured to fight recklessly!
You feel better. The orc wizard casts a spell at you.
The puff of flame hits you!
* * * LOW HITPOINT WARNING * * *
The orc warrior misses you.
You feel better.
You feel yourself speed up.
The orc warrior hits you with a trident!
* * * LOW HITPOINT WARNING * * *
The orc wizard casts a cantrip, but nothing happens.
You are very lightly contaminated with residual magic.
The orc warrior hits you from afar with a trident!!
You die...

#....<..... #..........
#.##....... #.##..###..
#.......#.. ##.#..#....
####+++#########.#.....#
#..............).........
#.......@.o..............
#.......................
#.......)..o............
#.......................
#...#########.....>....>
#### #...........
#........... #...........
#...........


You could see an orc warrior and an orc wizard.

Vanquished Creatures
  Pikel (D:5)
  Grinder (D:5)
  Sigmund (D:3)
  Eustachio (D:5)
  Edmund (D:5)
  4 slaves (D:5)
  A sky beast (D:6)
  An ice beast (D:5)
  2 centaurs
  5 ogres
  2 big kobolds (D:3)
  A bullfrog (D:6)
  A howler monkey (D:3)
  A crimson imp (D:5)
  A centaur zombie (D:6)
  A bullfrog zombie (D:5)
  3 orc priests (D:6)
  3 orc wizards
  2 hounds
  Terence (D:3)
  A worker ant (D:4)
  A worker ant zombie (D:5)
  A howler monkey zombie (D:4)
  A gnoll (D:3)
  3 adders
  2 river rats (D:6)
  3 dart slugs
  2 worms
  3 leopard geckos
  26 orcs
  2 ball pythons
  9 giant cockroaches
  4 goblins (D:1)
  7 hobgoblins
  2 quokkas
  5 bats
  2 frilled lizards (D:3)
  17 kobolds
  A leopard gecko skeleton (D:4)
  A quokka zombie (D:5)
  11 rats
138 creatures vanquished.

Notes
Turn   | Place    | Note
-------+----------+-------------------------------------------
     0 | D:1      | HouseofHex the Octopode Conjurer began the quest for the Orb.
     0 | D:1      | Reached XP level 1. HP: 11/11 MP: 3/3
   109 | D:1      | Reached XP level 2. HP: 15/17 MP: 5/5
   113 | D:1      | Learned a level 2 spell: Searing Ray
   163 | D:1      | Gained mutation: You regenerate slowly when monsters are visible. [potion of mutation]
   163 | D:1      | Gained mutation: You have very sharp teeth. [potion of mutation]
   163 | D:1      | Gained mutation: You are partially covered in icy blue scales. (AC +2) [potion of mutation]
   164 | D:1      | Gained mutation: You can translocate small distances at will. [potion of mutation]
   164 | D:1      | Gained mutation: You are partially covered in molten scales. (AC +2) [potion of mutation]
   486 | D:1      | Reached skill level 3 in Stealth
   541 | D:1      | Reached XP level 3. HP: 21/21 MP: 6/6
  1103 | D:2      | Found a bloodstained altar of Trog.
  1833 | D:2      | Reached skill level 1 in Short Blades
  2039 | D:3      | Noticed Sigmund
  2058 | D:3      | Killed Sigmund
  2058 | D:3      | Reached skill level 1 in Fighting
  2058 | D:3      | Reached skill level 5 in Stealth
  2058 | D:3      | Reached XP level 4. HP: 10/28 MP: 1/7
  2058 | D:3      | Reached XP level 5. HP: 11/33 MP: 1/8
  2320 | D:3      | Noticed a big kobold
  2337 | D:3      | Killed a big kobold
  2337 | D:3      | Reached XP level 6. HP: 32/38 MP: 3/9
  2570 | D:3      | Reached skill level 5 in Conjurations
  2574 | D:3      | Reached XP level 7. HP: 22/43 MP: 3/11
  2708 | D:3      | Noticed Terence
  2727 | D:3      | Killed Terence
  2961 | D:3      | Found a glowing golden altar of the Shining One.
  3477 | D:4      | Found a deep blue altar of Sif Muna.
  3485 | D:4      | Reached skill level 6 in Stealth
  3493 | D:4      | Became a worshipper of Sif Muna the Loreminder
  3615 | D:4      | Learned a level 4 spell: Iskenderun's Mystic Blast
  3805 | D:4      | Found a staircase to the Ecumenical Temple.
  4367 | D:5      | Entered Level 5 of the Dungeon
  4423 | D:5      | Reached XP level 8. HP: 32/51 MP: 6/12
  4539 | D:5      | Noticed Pikel
  4539 | D:5      | Noticed Eustachio
  4600 | D:5      | Noticed Grinder
  5019 | D:5      | Killed Eustachio
  5019 | D:5      | Reached skill level 5 in Short Blades
  5195 | D:5      | Reached skill level 7 in Stealth
  5297 | D:5      | Killed Grinder
  5673 | D:5      | Killed Pikel
  5673 | D:5      | Reached XP level 9. HP: 37/58 MP: 14/14
  5818 | D:5      | Noticed Edmund
  5830 | D:5      | Killed Edmund
  5830 | D:5      | Reached * piety under Sif Muna
  5830 | D:5      | Reached skill level 8 in Stealth
  6081 | D:5      | Found a white marble altar of Elyvilon.
  6875 | D:6      | Found a radiant altar of Vehumet.
  7028 | D:6      | Mangled by an orc warrior

Skill      XL: |  1  2  3  4  5  6  7  8  9 |
---------------+----------------------------+-----
Stealth        | 3 5 6 7 8 |  8.6
Short Blades   | 2 3 4 6 7 |  7.1
Fighting       | 1 2 3 4 |  4.4
Conjurations   | 5 6 |  6.3
Spellcasting   | 3 4 |  4.2
Dodging        | 3 4 |  4.0

Action                   |  1- 3 |  4- 6 |  7- 9 || total
-------------------------+-------+-------+-------++-------
Melee: Unarmed           |    18 |       |       ||    18
       Constrict         |    20 |     7 |    35 ||    62
       Tentacles         |    14 |     3 |    32 ||    49
       Dagger            |    47 |    10 |    28 ||    85
       Bite              |     4 |     3 |    20 ||    27
       Short sword       |    25 |    20 |   183 ||   228
 Cast: Searing Ray       |     4 |     5 |    20 ||    29
       Magic Dart        |       |       |     3 ||     3
       Iskenderun's Myst |       |       |     4 ||     4
  Use: Potion            |     3 |       |     5 ||     8
       Scroll            |       |       |    13 ||    13
 Stab: Sleeping          |    14 |       |     6 ||    20
       Distracted        |       |       |     3 ||     3
  Eat: Bread ration      |     1 |       |     1 ||     2
       Chunk             |       |       |     7 ||     7
       Meat ration       |       |       |     1 ||     1
Armor: Skin              |    17 |     9 |    34 ||    60
Dodge: Dodged            |    55 |    25 |   128 ||   208
